AoeStats
← Ebrio

Hideout

503275132Analyzed
3v3 RM · 1mo ago on Aug 30, 2026· 21m 10s· 6 players
Game mode
Random Map
Map size
Normal (6 player)
Population
200
Speed
Normal
Resources
Standard
Victory
Conquest
Starting age
Dark Age
Ending age
Imperial Age
RankedLock teamsTeams togetherTeam positionsShared explorationLock speedFull tech treeHidden civsTurbo modeCheats
Victory
Defeat
🇨🇱 Goths · Chile
940
+15
939
+15
🇨🇱 Ethiopians · Chile
890
+17
🇦🇷 Persians · Argentina
929
-16
🇨🇦 Vikings · Canada
920
-16
🇺🇸 Muisca · United States
900
-15
Ebrio
0:41 Loom
11:24 Feudal Age
12:34 Double-Bit Axe
12:31 Horse Collar
16:03 Castle Age
17:12 Wheelbarrow
16:49 Bow Saw
16:41 Heavy Plow
Quilted Codpiece
6:07 Loom
6:48 Loom
7:50 Loom
9:36 Feudal Age
12:47 Loom
15:51 Castle Age
14:32 Double-Bit Axe
15:11 Horse Collar
15:37 Fletching
AB14
12:36 Feudal Age
12:41 Man-at-Arms
14:23 Loom
14:55 Horse Collar
15:01 Double-Bit Axe
17:28 Fletching
ZarosTCL
9:31 Feudal Age
9:58 Double-Bit Axe
9:59 Horse Collar
10:41 Man-at-Arms
18:06 Scale Mail Armor
22:32 Castle Age
maximilianogilsandoval
5:55 Loom
9:33 Feudal Age
10:02 Double-Bit Axe
10:12 Gold Mining
15:05 Padded Archer Armor
15:56 Fletching
21:34 Wheelbarrow
alonsox133
11:26 Feudal Age
12:31 Loom
13:20 Double-Bit Axe
15:39 Fletching
17:51 Horse Collar
19:52 Wheelbarrow
19:06 Town Watch
23:28 Castle Age
Connection lost

Rejoining the realm…

Still unreachable

The connection could not be restored.

Session expired

The server has moved on; the page needs a fresh start.